 Dungeon Crawl Stone Soup version 0.21.1-1-g345015f (webtiles) character file.

9949 Inarius the Carver (level 11, -6/58 HPs)
             Began as a Vine Stalker Fighter on Feb 19, 2018.
             Was a High Priest of Nemelex Xobeh.
             Killed by divine providence
             ... invoked by an orc priest
              (11 damage)
             ... on level 11 of the Dungeon.
             The game lasted 00:23:58 (8051 turns).

Inarius the Carver (Vine Stalker Fighter)           Turns: 8051, Time: 00:23:59

Health: -6/58      AC: 15    Str: 22    XL:     11   Next: 54%
Magic:  0/17       EV:  6    Int:  8    God:    Nemelex Xobeh [*****.]
Gold:   459        SH: 10    Dex: 14    Spells: 10/10 levels left

rFire    . . .     SeeInvis .   b - +5 rapier (drain)
rCold    . . .     Gourm    .   c - +0 shield
rNeg     . . .     Faith    +   R - +3 plate armour
rPois    +         Spirit   +   (no helmet)
rElec    .         Reflect  .   (no cloak)
rCorr    .         Harm     .   (no gloves)
MR       +....                  (no boots)
Stlth    ..........             n - amulet of faith
HPRegen  0.59/turn              p - ring of poison resistance
MPRegen  0.15/turn              (no ring)

@: no status effects
A: fangs 3, regeneration 1, magic shield, antimagic bite, no potion heal 3, rot
immunity
a: Triple Draw, Deal Four, Stack Five, Renounce Religion


You were on level 11 of the Dungeon.
You worshipped Nemelex Xobeh.
Nemelex Xobeh was extremely pleased with you.
You were hungry.

You visited 1 branch of the dungeon, and saw 11 of its levels.

You collected 589 gold pieces.
You spent 130 gold pieces at shops.

Inventory:

Hand Weapons
 a - a +0 long sword
 b - a +5 rapier of draining (weapon)
Armour
 c - a +0 shield (worn)
 R - a +3 plate armour (worn)
Jewellery
 n - an amulet of faith (around neck)
 p - a ring of poison resistance (left hand)
Wands
 i - a wand of paralysis (13)
 w - a wand of enslavement (18)
 G - a wand of acid (6)
 J - a wand of digging (17)
 K - a wand of disintegration (19)
Scrolls
 e - 2 scrolls of remove curse
 j - 6 scrolls of teleportation
 k - 7 scrolls of amnesia
 l - a scroll of vulnerability
 m - 3 scrolls of fear
 r - 2 scrolls of immolation
 s - 2 scrolls of magic mapping
 t - 4 scrolls of blinking
 v - a scroll of enchant armour
 L - a scroll of fog
 N - a scroll of enchant weapon {unknown}
 S - a scroll of identify
Potions
 d - 3 potions of might
 g - a potion of berserk rage
 h - 3 potions of curing
 u - 3 potions of brilliance
 x - a potion of agility
 z - a potion of cancellation
 A - a potion of mutation
 E - a potion of lignification
 F - a potion of flight
 P - a potion of resistance
Books
 B - a book of Cantrips

   Spells                             Type                      Level
   a - Confusing Touch                Hexes                        1
   b - Animate Skeleton               Necromancy                   1
   c - Summon Small Mammal            Summoning                    1
   d - Apportation                    Translocation                1
 C - a book of Geomancy

   Spells                             Type                      Level
   a - Sandblast                      Earth                        1
   b - Passwall                       Transmutation/Earth          2
   c - Stone Arrow                    Conjuration/Earth            3
   d - Petrify                        Transmutation/Earth          4
   e - Lee's Rapid Deconstruction     Earth                        5
 O - a book of Transfigurations

   Spells                             Type                      Level
   a - Irradiate                      Conjuration/Transmutation    5
   b - Statue Form                    Transmutation/Earth          6
   c - Hydra Form                     Transmutation                6
   d - Dragon Form                    Transmutation                7
Miscellaneous
 o - a plain deck of summoning {drawn: 6}
 q - a legendary deck of summoning
 y - a plain deck of escape
 H - an ornate deck of summoning
 I - a plain deck of summoning {drawn: 2}
 Q - a legendary deck of summoning {drawn: 2}
Comestibles
 f - 20 rations
 D - 4 chunks of flesh


   Skills:
 * Level 6.8 Fighting
 * Level 6.0(8.3) Short Blades
 - Level 8.9(9.7) Long Blades
 - Level 6.1 Armour
 + Level 3.5 Dodging
 - Level 0.4 Stealth
 + Level 4.6 Shields
 * Level 7.5 Invocations


You had 10 spell levels left.
You didn't know any spells.

Dungeon Overview and Level Annotations

Branches:
Dungeon (11/15)            Temple (0/1) D:7            Lair (0/6) D:10
    Orc: D:9-12

Altars:
Ashenzari
Dithmenos
Elyvilon
Nemelex Xobeh
Qazlal
Ru

Shops:
D:8 ?   D:10 (


Innate Abilities, Weirdness & Mutations

You have razor-sharp teeth.
Your natural rate of healing is unusually fast.
When hurt, damage is shared between your health and your magic reserves.
Your bite disrupts and absorbs the magic of your enemies.
Potions cannot restore your health.
You are immune to rotting.


Message History

Something unseen opens the door.
You puncture the orc!
You kill the orc!
Something hits you.
Deactivating autopickup; reactivate with Ctrl-A.
You are feeling hungry.
Something hits you.
You puncture something! You bite something. You drain its power.
You feel invigorated. Something hits you but does no damage.
The white ugly thing tail-slaps you! The white ugly thing freezes you!!
Something hits you but does no damage. Something hits you but does no damage.
The white ugly thing tail-slaps you. The white ugly thing freezes you!!
* * * LOW HITPOINT WARNING * * *
Something hits you but does no damage. Something hits you but does no damage.
The orc priest invokes the aid of Beogh against you.
Beogh smites you!
You die...
Your body glows slightly and disappears.

##...#.........#.########.......#
######.........#.########.......#
#.........>............##.......#
#......##.......................#
#......##..####.................#
#......##..# #.....(.....#######
#......##... #...........#
#......##.### #...........#
#......##.. #.@.........#
.......#### #.u.........#
####o.......#### ##
#........(.... ...
#.S............ #...
#....#...##.... #....##....#...#
... #..>..oo####...# .......o#
...#


You could see a white ugly thing, an orc priest, 2 orc wizards and an adder.

Vanquished Creatures
  A skeletal warrior (D:11)
  2 centaur zombies
  Prince Ribbit (D:7)
  2 hippogriffs
  A wyvern (D:11)
  4 yaks
  2 steam dragons
  Menkaure (D:4)
  4 sky beasts
  An orc warrior (D:11)
  5 ice beasts
  2 ogres
  2 phantoms
  5 centaurs
  10 bullfrogs
  3 scorpions
  5 killer bees (D:10)
  9 wights
  A howler monkey (D:10)
  An electric eel (D:10)
  2 crimson imps (D:5)
  A bullfrog zombie (D:7)
  3 hounds
  3 jellies
  A bullfrog skeleton (D:11)
  An orc priest (D:3)
  4 iguanas
  Natasha (thrice) (D:2)
  5 orc wizards
  4 worker ants
  A hound zombie (D:5)
  2 hound skeletons
  12 gnolls
  A river rat (D:10)
  7 adders
  2 shadow imps
  2 oozes (D:5)
  3 adder skeletons
  2 worms
  A dart slug (D:1)
  3 leopard geckos
  30 orcs
  3 giant cockroaches
  8 goblins
  3 hobgoblins
  24 jackals
  4 kobolds
  6 quokkas
  2 ball pythons
  A ball python skeleton (D:4)
  9 bats
  3 frilled lizards
  A quokka skeleton (D:7)
  10 rats
  A bush (D:4)
230 creatures vanquished.

Vanquished Creatures (collateral kills)
  4 skeletal warriors (D:11)
  A gargoyle (D:10)
  A kobold demonologist (D:11)
  A yak (D:9)
  A wraith (D:11)
  An acid dragon (D:11)
  An ice beast (D:11)
  An orc warrior (D:10)
  A centaur (D:11)
  A bullfrog (D:11)
  6 killer bees (D:10)
  5 wights
  3 electric eels (D:10)
  2 jellies
  A hound (D:6)
  2 orcs (D:4)
  A giant cockroach (D:4)
  A fungus (D:10)
34 creatures vanquished.

Vanquished Creatures (others)
  A vampire (D:11)
  5 centaurs (D:11)
  A worker ant (D:11)
  9 fungi (D:10)
  2 plants (D:10)
18 creatures vanquished.

Grand Total: 282 creatures vanquished

Notes
Turn   | Place    | Note
-------+----------+-------------------------------------------
     0 | D:1      | Inarius the Vine Stalker Fighter began the quest for the Orb.
     0 | D:1      | Reached XP level 1. HP: 11/11 MP: 2/2
    94 | D:1      | Reached skill level 2 in Long Blades
   109 | D:1      | Reached XP level 2. HP: 13/16 MP: 3/3
   633 | D:2      | Reached XP level 3. HP: 19/19 MP: 4/4
   986 | D:2      | Noticed Natasha
   997 | D:2      | Killed Natasha
   997 | D:2      | Gained mutation: Your natural rate of healing is unusually fast. [Vine Stalker growth]
   997 | D:2      | Reached XP level 4. HP: 15/23 MP: 5/5
  1016 | D:2      | Found a sparkling altar of Nemelex Xobeh.
  1042 | D:2      | Became a worshipper of Nemelex Xobeh the Trickster
  1043 | D:2      | Noticed Natasha
  1057 | D:2      | Killed Natasha
  1150 | D:2      | Noticed Natasha
  1169 | D:2      | Killed Natasha
  1169 | D:2      | Reached skill level 3 in Long Blades
  1169 | D:2      | Reached XP level 5. HP: 6/28 MP: 1/6
  1286 | D:2      | Received a gift from Nemelex Xobeh
  1636 | D:3      | Reached skill level 1 in Dodging
  1638 | D:3      | Reached skill level 1 in Invocations
  1807 | D:3      | Reached XP level 6. HP: 21/32 MP: 8/8
  1877 | D:3      | Reached * piety under Nemelex Xobeh
  1890 | D:3      | Found a white marble altar of Elyvilon.
  1891 | D:3      | Found a sacrificial altar of Ru.
  2267 | D:2      | Found a shattered altar of Ashenzari.
  2417 | D:4      | Received a gift from Nemelex Xobeh
  2641 | D:4      | Reached skill level 4 in Long Blades
  2772 | D:4      | Reached ** piety under Nemelex Xobeh
  2996 | D:5      | Entered Level 5 of the Dungeon
  2997 | D:5      | Noticed Menkaure
  3013 | D:4      | Killed Menkaure
  3013 | D:4      | Reached XP level 7. HP: 16/36 MP: 9/9
  3163 | D:5      | Found a shadowy altar of Dithmenos.
  3165 | D:5      | Received a gift from Nemelex Xobeh
  3334 | D:5      | Reached skill level 5 in Long Blades
  3352 | D:5      | Gained mutation: You have razor-sharp teeth. [Vine Stalker growth]
  3352 | D:5      | Reached XP level 8. HP: 38/42 MP: 11/11
  3889 | D:6      | Reached skill level 6 in Long Blades
  4011 | D:6      | Reached XP level 9. HP: 46/46 MP: 13/13
  4304 | D:7      | Reached skill level 5 in Invocations
  4332 | D:7      | Found a staircase to the Ecumenical Temple.
  4333 | D:7      | Reached *** piety under Nemelex Xobeh
  4344 | D:7      | Reached skill level 7 in Long Blades
  4344 | D:7      | Reached skill level 5 in Armour
  4805 | D:7      | Noticed Prince Ribbit
  4814 | D:7      | Killed Prince Ribbit
  4852 | D:7      | Received a gift from Nemelex Xobeh
  5093 | D:8      | Found a stormy altar of Qazlal.
  5208 | D:8      | Received a gift from Nemelex Xobeh
  5208 | D:8      | Received a gift from Nemelex Xobeh
  5214 | D:8      | Found Uptith's Magic Scroll Shop.
  5224 | D:8      | Bought a scroll of identify for 26 gold pieces
  5224 | D:8      | Bought a scroll of identify for 26 gold pieces
  5224 | D:8      | Bought a scroll of identify for 26 gold pieces
  5224 | D:8      | Bought a scroll of identify for 26 gold pieces
  5224 | D:8      | Bought a scroll of identify for 26 gold pieces
  5300 | D:8      | Reached **** piety under Nemelex Xobeh
  5476 | D:9      | Reached skill level 5 in Fighting
  5564 | D:9      | Reached skill level 8 in Long Blades
  5587 | D:9      | Reached XP level 10. HP: 33/51 MP: 11/15
  6053 | D:9      | Received a gift from Nemelex Xobeh
  6366 | D:10     | Entered Level 10 of the Dungeon
  6437 | D:10     | Received a gift from Nemelex Xobeh
  6615 | D:10     | Noticed a gargoyle
  6621 | D:10     | Killed a gargoyle
  6655 | D:10     | Found a staircase to the Lair.
  6921 | D:10     | Reached skill level 1 in Short Blades
  7104 | D:10     | Found Vonaom's Weapon Shop.
  7636 | D:11     | Reached XP level 11. HP: 51/56 MP: 15/17
  7813 | D:11     | Noticed a skeletal warrior
  7814 | D:11     | Noticed a skeletal warrior
  7819 | D:11     | Noticed a skeletal warrior
  7822 | D:11     | Noticed a skeletal warrior
  7825 | D:11     | Noticed a skeletal warrior
  7831 | D:11     | Killed a skeletal warrior
  7834 | D:11     | Killed a skeletal warrior
  7840 | D:11     | Killed a skeletal warrior
  7840 | D:11     | Reached skill level 5 in Short Blades
  7843 | D:11     | Killed a skeletal warrior
  7848 | D:11     | Killed a skeletal warrior
  7869 | D:11     | Reached ***** piety under Nemelex Xobeh
  8038 | D:11     | Noticed a white ugly thing
  8041 | D:11     | Received a gift from Nemelex Xobeh
  8051 | D:11     | Killed from afar by an orc priest

Skill      XL: |  1  2  3  4  5  6  7  8  9 10 11 |
---------------+----------------------------------+-----
Long Blades    | 2 3 4 5 6 8 |  8.9
Shields        | 3 4 |  4.6
Armour         | 3 4 5 6 |  6.1
Fighting       | 3 4 5 6 |  6.8
Dodging        | 1 2 3 |  3.5
Invocations    | 1 2 3 4 6 7 |  7.5
Short Blades   | 3 6 |  6.0
Stealth        | |  0.4

Action                   |  1- 3 |  4- 6 |  7- 9 | 10-12 || total
-------------------------+-------+-------+-------+-------++-------
Melee: Long sword        |    73 |   190 |   328 |   110 ||   701
       Bite              |    20 |    68 |   116 |    88 ||   292
       Rapier            |       |       |       |   132 ||   132
Evoke: Deck              |       |     5 |     4 |    13 ||    22
       Wand              |       |       |    27 |       ||    27
  Use: Scroll            |       |     4 |    16 |     4 ||    24
 Stab: Distracted        |       |       |     1 |     1 ||     2
  Eat: Chunk             |       |     7 |     9 |     8 ||    24
Armor: Scale mail        |    36 |    60 |   137 |    25 ||   258
       Plate armour      |       |       |       |    68 ||    68
Dodge: Dodged            |    25 |    51 |   110 |    61 ||   247
Block: Shield            |    38 |    68 |   178 |   129 ||   413
       Rpst.: Long sword |     5 |    20 |    27 |    10 ||    62
